 Dungeon Crawl Stone Soup version 0.27.0-1-g7a089689b8 (webtiles) character file.

Game seed: 7886500048469869583

218 shoop the Skirmisher (level 6, 0/46 HPs)
             Began as a Djinni Artificer on July 31, 2021.
             Was a Believer of Qazlal.
             Slain by an iguana (8 damage)
             ... on level 3 of the Dungeon.
             The game lasted 00:04:53 (3617 turns).

shoop the Skirmisher (Djinni Artificer)             Turns: 3617, Time: 00:04:54

Health: 0/46       AC: 12    Str: 13    XL:     6   Next: 17%
Gold:   58         EV:  4    Int: 13    God:    Qazlal [**....] SH:  3 Dex: 13

rFire    + + .     SeeInvis .   h - +1 short sword (speed)
rCold    x . .     Faith    .   (no shield)
rNeg     . . .     Spirit   .   g - +0 plate armour
rPois    ∞         Reflect  .   n - +0 helmet
rElec    .         Harm     .   (no cloak)
rCorr    .         Rampage  .   (no gloves)
Will     .....                  (boots unavailable)
Stlth    ..........             (no amulet)
HPRegen  0.15/turn              (no ring)
MPRegen  0.00/turn              (no ring)

@: flying
A: sickness immunity, fire resistance 2, cold vulnerability 1, float, innate
caster, hp casting, extra vitality 1
a: Renounce Religion, Upheaval


You were on level 3 of the Dungeon.
You worshipped Qazlal.
Qazlal was pleased with you.
You visited 1 branch of the dungeon, and saw 3 of its levels.

You collected 58 gold pieces.

Inventory:

Hand Weapons
 a - a +0 club
 f - a +0 dagger
 h - a +1 short sword of speed (weapon)
Armour
 b - a +0 leather armour
 g - a +0 plate armour (worn)
 n - a +0 helmet (worn)
Wands
 c - a wand of flame (15) (quivered)
 d - a wand of charming (15)
 q - a wand of polymorph (9)
Scrolls
 i - 3 scrolls of identify {unknown}
 k - 2 scrolls of teleportation {unknown}
 l - a scroll of blinking {unknown}
 o - a scroll of fear {unknown}
 p - a scroll of noise {unknown}
Potions
 j - a potion of attraction {unknown}
 m - a potion of flight {unknown}
 r - a potion of magic {unknown}
Miscellaneous
 e - a piece from Xom's chessboard (15/15)


   Skills:
 + Level 3.5 Fighting
 + Level 2.6 Armour
 - Level 2.1 Dodging
 - Level 1.1 Stealth
 + Level 3.1 Invocations
 - Level 3.0 Evocations


You had 2 spell levels left.
You knew the following spells:

 Your Spells              Type           Power      Damage    Failure   Level
a - Corona                Hex            0%         N/A       100%        1
b - Wereblood             Tmut           0%         N/A       100%        2
Your spell library was empty.


Dungeon Overview and Level Annotations

Branches:
Dungeon (3/15)

Altars:
Elyvilon
Qazlal

Shops:
D:1 (


Innate Abilities, Weirdness & Mutations

You are immune to sickness and miasma.
You are immune to poison.
Your flesh is very heat resistant. (rF++)
You are vulnerable to cold. (rC-)
You float through the air rather than walking.
You learn spells naturally, not from books.
Your magical power is your life essence.
You have superior vitality. (+4 HP)


Message History

The iguana bites you.
You hit the iguana.
The iguana is heavily wounded.
Your plate armour prevents you from hitting the iguana.
The iguana is heavily wounded.
The iguana barely misses you.
You hit the iguana.
The iguana is severely wounded.
The iguana bites you.
* * * LOW HITPOINT WARNING * * *
You hit the iguana but do no damage.
The iguana is severely wounded.
You hit the iguana but do no damage.
The iguana is severely wounded.
The iguana bites you.
* * * LOW HITPOINT WARNING * * *
You hit the iguana but do no damage.
The iguana is severely wounded.
The iguana bites you but does no damage.
You barely miss the iguana.
The iguana is severely wounded.
The iguana bites you but does no damage.
You hit the iguana but do no damage.
The iguana is severely wounded.
You hit the iguana.
The iguana is severely wounded.
The iguana bites you but does no damage.
Your plate armour prevents you from hitting the iguana.
The iguana is severely wounded.
The iguana bites you but does no damage.
You barely miss the iguana.
The iguana is severely wounded.
You hit the iguana but do no damage.
The iguana is severely wounded.
The iguana bites you.
* * * LOW HITPOINT WARNING * * *
You hit the iguana.
The iguana is almost dead.
The iguana bites you!
You die...

#....# #....# ...[.+ .>
#....# #.# # #....# #.#
.# #....#### #.# ..
'....+..# #.# .♣P..
#....##.####.#####..P...
....##.....#....@l...♣
###......#.#..#####..♣♣
.##..#.#.#.#..#### ....
..#..#.#.#....##.. .. #
..#....#..##.###.# .#
....####.......#.# .#
..#....##.##.#.#.###.#
..#.##.##..#.#.#.....#
.##..........#.......#


You could see an iguana.

Vanquished Creatures
  A scorpion (D:3)
  A hound (D:2)
  An orc wizard (D:3)
  Robin (D:1)
  2 adders
  2 worms
  6 orcs (D:3)
  4 endoplasms
  4 giant cockroaches
  8 goblins
  7 hobgoblins
  A quokka (D:1)
  4 ball pythons
  5 bats
  4 frilled lizards
  7 kobolds
  4 rats
62 creatures vanquished.

Notes
Turn   | Place    | Note
-------+----------+-------------------------------------------
     0 | D:1      | shoop the Djinni Artificer began the quest for the Orb.
     0 | D:1      | Reached XP level 1. HP: 17/17 MP: 0/0
   264 | D:1      | Reached skill level 1 in Stealth
   284 | D:1      | Found a faded altar of an unknown god.
   291 | D:1      | Became a worshipper of Qazlal Stormbringer
   291 | D:1      | Reached * piety under Qazlal
   542 | D:1      | Reached XP level 2. HP: 22/22 MP: 0/0
   625 | D:1      | Reached skill level 1 in Invocations
   786 | D:1      | Found Kekhyty's Antique Weapon Boutique.
  1389 | D:2      | Reached XP level 3. HP: 28/28 MP: 0/0
  1389 | D:2      | Learned a level 1 spell: Corona
  1553 | D:2      | Noticed Robin
  1588 | D:1      | Killed Robin
  1985 | D:2      | Reached XP level 4. HP: 25/34 MP: 0/0
  2114 | D:2      | Reached ** piety under Qazlal
  2750 | D:3      | Reached XP level 5. HP: 37/40 MP: 0/0
  2750 | D:3      | Learned a level 2 spell: Wereblood
  2773 | D:3      | Found a white marble altar of Elyvilon.
  3261 | D:3      | Reached XP level 6. HP: 37/46 MP: 0/0
  3617 | D:3      | Slain by an iguana

Illustrated notes

Levels and vault maps discovered:
D:1:      dpeg_arrival_arbitrary_a, layout_basic, serial_shops,
          nicolae_shop_trees, shapermc_ecumenical_altar_mp_ritualfount,
          corexii_item_surrounded_by_moat, st_stairs_6
D:2:      layout_loops_ring, uniq_robin
D:3:      layout_basic, old_standard_altar, serial_park_tiny_2

Skill      XL: |  1  2  3  4  5 |
---------------+----------------+-----
Stealth        | 1 |  1.1
Invocations    | 1 2 3 |  3.1
Fighting       | 2 3 |  3.5
Armour         | 2 |  2.6
Dodging        | |  2.1
Evocations     | |  3.0

Action                   |  1- 3 |  4- 6 || total
-------------------------+-------+-------++-------
Melee: Dagger            |    10 |       ||    10
       Club              |     7 |       ||     7
       Short sword       |    97 |   231 ||   328
Evoke: Piece from Xom's  |     1 |       ||     1
 Stab: Sleeping          |     1 |       ||     1
Armor: Plate armour      |    53 |   113 ||   166
Dodge: Dodged            |     8 |    18 ||    26
Block: Other             |     6 |    12 ||    18
